 Dungeon Crawl Stone Soup version 0.28.0-43-g3370ac3207 (webtiles) character file.

Game seed: 4457399214501760595

120012 Peloso the Fencer (level 16, -6/150 (155) HPs)
             Began as a Minotaur Fighter on Mar 1, 2022.
             Was the Champion of Okawaru.
             Mangled by a raiju (9 damage)
             ... on level 3 of the Abyss.
             The game lasted 01:17:43 (35011 turns).

Peloso the Fencer (Minotaur Fighter)               Turns: 35011, Time: 01:17:43

HP:   -6/150 (155)  AC: 21    Str: 37    XL:     16   Next: 29%
MP:   17/17         EV: 10    Int:  5    God:    Okawaru [******]
Gold: 2451          SH: 22    Dex: 19    Spells: 15/15 levels left

rFire   x . .      SeeInvis +   a - +6 demon blade (flame)
rCold   + . .      Faith    .   c - +2 tower shield of the Undertaker {-Cast Dex+3 SInv}
rNeg    . . .      Spirit   .   G - +1 plate armour {rC+}
rPois   .          Reflect  .   M - +2 hat
rElec   .          Harm     .   q - +0 cloak
rCorr   .          Rampage  .   (no gloves)
Will    +....      NoCast   +   R - -3 pair of boots of Jizad {rF- Str+4 Dex+4}
Stlth   ..........              (no amulet)
HPRegen 0.35/turn               Q - +6 ring of strength
MPRegen 0.15/turn               k - ring of flight

@: about to teleport, flying, lightly drained
A: horns 2, retaliatory headbutt, [screaming 2]
a: Renounce Religion, Heroism, Finesse, Duel


You were on level 3 of the Abyss.
You worshipped Okawaru.
Okawaru was exalted by your worship.
You visited 4 branches of the dungeon, and saw 23 of its levels.
You visited the Abyss 2 times.
You also visited: Sewer, Ossuary, Bailey, Ice Cave and Volcano.

You collected 2858 gold pieces.
You spent 407 gold pieces at shops.

Inventory:

Hand Weapons
 a - a +6 demon blade of flaming (weapon)
 b - a +4 demon blade of electrocution
 j - a +0 giant club
Armour
 c - the +2 tower shield of the Undertaker (worn) {-Cast Dex+3 SInv}
   (Okawaru gifted it to you on level 1 of the Orcish Mines)

   Dex:       It affects your dexterity (+3).
   SInv:      It lets you see invisible.
   -Cast:     It prevents spellcasting.
 h - +0 fire dragon scales
 q - a +0 cloak (worn)
 C - the +2 pair of boots of Okawaru's Esteem {Dex+2}
   (Okawaru gifted it to you on level 5 of the Lair of Beasts)

   Dex:       It affects your dexterity (+2).
 G - a +1 plate armour of cold resistance (worn)
 M - a +2 hat (worn)
 R - the -3 pair of boots of Jizad (worn) {rF- Str+4 Dex+4}
   (You bought it in a shop on level 2 of the Orcish Mines)

   Str:       It affects your strength (+4).
   Dex:       It affects your dexterity (+4).
   rF:        It makes you vulnerable to fire.
Jewellery
 k - a ring of flight (right hand)
 l - an amulet of guardian spirit
 s - an amulet of faith
 v - a +4 ring of protection
 A - an amulet of reflection
 E - a ring of fire
 F - a ring of protection from cold
 I - a ring of ice
 J - a ring of magical power
 L - a +4 ring of evasion
 O - an amulet of the acrobat
 Q - a +6 ring of strength (left hand)
 W - a +6 ring of intelligence
Wands
 f - a wand of digging (4)
 u - a wand of flame (5)
 B - a wand of iceblast (6)
Scrolls
 e - a scroll of magic mapping
 i - 3 scrolls of teleportation
 m - 5 scrolls of identify
 o - 3 scrolls of fear
 x - 3 scrolls of summoning
 y - 3 scrolls of blinking
 D - a scroll of silence
 P - a scroll of immolation
 S - a scroll of amnesia
 T - a scroll of enchant weapon
Potions
 d - 4 potions of might
 g - a potion of mutation
 n - 2 potions of resistance
 r - 4 potions of invisibility
 t - 4 potions of berserk rage
 w - 4 potions of haste
 z - a potion of brilliance
 H - 2 potions of curing
 V - a potion of magic
Miscellaneous
 p - a lightning rod (4/4)
 K - a phial of floods
 N - a phantom mirror


   Skills:
 + Level 17.5 Fighting
 + Level 18.9 Long Blades
 + Level 17.2 Armour
 + Level 5.8 Dodging
 + Level 2.4 Stealth
 + Level 15.8 Shields
 + Level 3.7 Invocations
 + Level 3.0 Evocations


You had 15 spell levels left.
You didn't know any spells.
Your spell library contained the following spells:

 Spells                   Type           Power      Damage    Failure   Level
 Magic Dart               Conj           0%         1d3       100%        1
 Shock                    Conj/Air       0%         1d3       100%        1
 Blink                    Tloc           0%         N/A       100%        2
 Scorch                   Fire           0%         2d5       100%        2
 Dazzling Flash           Conj/Hex       0%         N/A       100%        3
 Lesser Beckoning         Tloc           0%         N/A       100%        3
 Mephitic Cloud           Conj/Pois/Air  0%         N/A       100%        3
 Swiftness                Air            0%         N/A       100%        3
 Airstrike                Air            0%         N/A       100%        4
 Flame Wave               Conj/Fire      0%         2d4       100%        4
 Fulminant Prism          Conj/Hex       0%         3d6       100%        4
 Iskenderun's Mystic Bla  Conj/Tloc      0%         2d3       100%        4
 Fireball                 Conj/Fire      0%         3d3       100%        5
 Freezing Cloud           Conj/Ice/Air   0%         6-21      100%        5
 Iskenderun's Battlesphe  Conj           0%         2d6       100%        5
 Lee's Rapid Deconstruct  Erth           0%         3d5*      100%        5
 Manifold Assault         Tloc           0%         N/A       100%        5
 Conjure Ball Lightning   Conj/Air       0%         3x3d6     100%        6
 Starburst                Conj/Fire      0%         6d3       100%        6
 Orb of Destruction       Conj           0%         9d5       100%        7
 Ozocubu's Refrigeration  Ice            0%         4d5       100%        7
 Call Imp                 Summ           Unusable   N/A       N/A         2
 Summon Cactus Giant      Summ           Unusable   N/A       N/A         6

Dungeon Overview and Level Annotations

Branches:
Dungeon (14/15)            Temple (1/1) D:4            Lair (6/6) D:9
  Swamp (0/4) Lair:2       Spider (0/4) Lair:3        Slime (0/5) Lair:6
    Orc (2/2) D:9             Elf (0/3) Orc:2         Sewer (visited)
Ossuary (visited)          Bailey (visited)           IceCv (visited)
Volcano (visited)
 Vaults: D:13-14

Altars:
Ashenzari
Cheibriados
Dithmenos
Elyvilon
Fedhas
Gozag
Hepliaklqana
Kikubaaqudgha
Makhleb
Nemelex Xobeh
Okawaru
Qazlal
Ru
Sif Muna
Trog
Uskayaw
Vehumet
Wu Jian
Xom
Yredelemnul
Zin
The Shining One
Beogh

Shops:
D:10 (   Orc:2 ([*?*

Annotations:
D:14 Louise
Orc:1 Casa


Innate Abilities, Weirdness & Mutations

You have a pair of horns on your head.
You reflexively headbutt those who attack you in melee.
[You frequently scream uncontrollably at your foes.]


Message History

You feel the power of the Abyss delaying your translocation!
The wretched star glows turbulently.
You block the lance of force.
You carve the raiju like a ham!!! You burn the raiju!!
You kill the raiju!
That felt strangely unrewarding.
You hear a hideous shriek! x2
The raiju bursts into living lightning!
The living lightning hits you.
* * * LOW HITPOINT WARNING * * *
The living lightning hits the raiju.
The raiju completely resists.
The raiju blinks! x3
The raiju bursts into living lightning!
The living lightning hits you.
* * * LOW HITPOINT WARNING * * *
The living lightning misses the raiju.
The living lightning hits the wretched star.
The wretched star resists.
The raiju blinks!
You feel much better. The raiju bites you!
* * * LOW HITPOINT WARNING * * *
The raiju shocks you!
* * * LOW HITPOINT WARNING * * *
The raiju bursts into living lightning!
The living lightning misses the raiju.
The living lightning hits you!
* * * LOW HITPOINT WARNING * * *
The raiju blinks!
You slice the wretched star!! You burn the wretched star.
The wretched star is heavily damaged.
You block the raiju's attack. The raiju bites you but does no damage.
Unknown command.
You slash the raiju! You burn the raiju.
The raiju is moderately wounded.
The raiju bites you but does no damage. You block the raiju's attack.
Unknown command.
You slash the raiju! You burn the raiju. You headbutt the raiju!
The raiju is almost dead.
The raiju bites you.
* * * LOW HITPOINT WARNING * * *
The raiju shocks you!
You die...

# . ##. # .
..#.....#. . #
......... . . ..
....... . .. .....
........... .... .
..─..#.... ...#
##.─X ##...###...##
.
#.<...#.....#.....#
.
.........h@h....§.
. ......
........*...... ..
. ............... .
.#
....#..)..#.....#
.# . .
##...###...## . ..#
.... .....#.....# #
...... ........
..... ....
......... ...... #
. #.. .. #.. # .


You could see a wretched star and 2 raiju.

Vanquished Creatures
  Jorgrun (D:13)
  2 tentacled starspawn (Abyss:3)
  Gastronok (Lair:1)
  A fire giant (Orc:1)
  A red draconian (Volcano)
  2 ettins (Orc:1)
  Josephine (Orc:2)
  A fire dragon (D:13)
  6 hydras
  Erolcha (D:9)
  4 boulder beetles
  Fannar (D:11)
  2 catoblepae
  2 ogre magi (Orc:2)
  2 ironbound frosthearts (IceCv)
  7 centaur warriors (D:13)
  Erica (D:9)
  11 two-headed ogres
  11 death yaks
  A tengu warrior (D:13)
  A titan zombie (Orc:1)
  A wretched star (Abyss:3)
  Urug (D:10)
  Nergalle (D:10)
  2 deep trolls
  2 bog bodies (Lair:2)
  A deep elf zephyrmancer (D:10)
  5 manticores
  2 stone giant zombies (Orc:1)
  19 cyclopes
  2 ugly things (D:13)
  An orc sorcerer (Abyss:3)
  5 salamanders (Volcano)
  An ice statue (IceCv)
  3 torpor snails
  8 elephants
  Maurice (D:13)
  5 large abominations (Abyss:3)
  3 black mambas
  12 cane toads
  3 unseen horrors
  Psyche (D:8)
  4 molten gargoyles (Volcano)
  A kobold demonologist (D:13)
  2 efreet (Volcano)
  A freezing wraith (D:13)
  7 komodo dragons
  4 rime drakes
  An ancient zyme (Abyss:3)
  11 trolls
  12 polar bears
  5 hornets
  2 raiju (Abyss:3)
  11 blink frogs
  5 small abominations (Abyss:3)
  29 dream sheep
  A flying skull (Abyss:3)
  2 culicivoras (Lair:3)
  3 jumping spiders (Lair:3)
  Sigmund (D:3)
  13 spriggans (Lair:6)
  2 centaur simulacra
  82 yaks
  4 shadows
  A vampire (D:9)
  5 wraiths
  7 wyverns
  A steam dragon (D:9)
  Grum (D:10)
  6 fire bats (Orc:1)
  2 chaos spawn (Abyss:3)
  5 vampire mosquitoes
  4 redbacks (Lair:3)
  2 basilisks
  8 wargs
  A swamp worm (Lair:2)
  27 water moccasins
  2 acid dragons
  A swamp drake (D:10)
  16 orc warriors
  2 sky beasts
  5 black bears
  5 boggarts (Lair:6)
  25 ogres
  62 wolves
  3 centaurs
  Blork the orc (D:5)
  2 phantoms
  8 bullfrogs
  10 kobold brigands
  5 scorpions
  A wyvern zombie (D:9)
  A gnoll sergeant (D:10)
  2 water moccasin zombies (D:5)
  A cyclops zombie (Orc:1)
  9 killer bees
  3 wights (D:9)
  An electric eel (Lair:2)
  A crimson imp (D:10)
  4 bullfrog zombies (D:6)
  A centaur skeleton (D:6)
  5 centaur zombies
  6 jellies
  Crazy Yiuf (D:7)
  10 orc priests
  4 hounds
  7 iguanas
  An iron imp (D:10)
  5 hell rats (Lair:5)
  14 orc wizards
  A killer bee zombie (D:6)
  A hound zombie (Ossuary)
  2 hound skeletons
  5 mummies
  2 howler monkey zombies
  11 adders
  7 gnolls
  A river rat (Sewer)
  2 shadow imps
  16 white imps
  7 ufetubi
  2 adder skeletons (D:4)
  2 worms
  81 orcs
  4 bats
  11 endoplasms
  A giant cockroach (D:1)
  3 gnoll zombies (Ossuary)
  6 goblins
  4 hobgoblins
  6 jackals
  17 kobolds
  6 quokkas
  11 ball pythons
  3 frilled lizards
  A goblin zombie (Ossuary)
  A hobgoblin zombie (Ossuary)
  A jackal zombie (Ossuary)
  5 kobold zombies (Ossuary)
  A quokka skeleton (D:4)
  10 rats
  A starspawn tentacle (Abyss:3)
868 creatures vanquished.

Vanquished Creatures (others)
  A hydra (Lair:6)
  A deep elf pyromancer (D:10)
  An orc priest (Orc:2)
  An orc (D:10)
  46 fungi
  55 plants
  6 starspawn tentacles (Abyss:3)
111 creatures vanquished.

Grand Total: 979 creatures vanquished

Notes
Turn   | Place    | Note
-------+----------+-------------------------------------------
     0 | D:1      | Peloso the Minotaur Fighter began the quest for the Orb.
     0 | D:1      | Reached XP level 1. HP: 19/19 MP: 0/0
   348 | D:1      | Reached XP level 2. HP: 27/27 MP: 1/1
  1310 | D:2      | Reached XP level 3. HP: 29/34 MP: 2/2
  1510 | D:2      | Reached skill level 3 in Long Blades
  1568 | D:2      | Reached XP level 4. HP: 40/41 MP: 3/3
  1651 | D:2      | Found a faded altar of an unknown god.
  1701 | D:2      | You fall into a shaft and drop 1 floor!
  2306 | D:3      | Found a shimmering altar of Xom.
  2402 | D:3      | Reached skill level 4 in Long Blades
  2403 | D:3      | Reached XP level 5. HP: 47/47 MP: 4/4
  2432 | D:3      | Noticed Sigmund
  2436 | D:3      | Killed Sigmund
  2437 | D:3      | Reached skill level 5 in Long Blades
  2437 | D:3      | Reached skill level 5 in Armour
  2437 | D:3      | Reached XP level 6. HP: 55/55 MP: 5/5
  2717 | D:4      | Found a staircase to the Ecumenical Temple.
  2731 | Temple   | Entered the Ecumenical Temple
  3104 | D:4      | Reached skill level 5 in Fighting
  3195 | D:4      | Reached skill level 6 in Long Blades
  3200 | D:4      | Found a white marble altar of Elyvilon.
  3201 | D:4      | Found a glowing silver altar of Zin.
  3203 | D:4      | Found a glowing golden altar of the Shining One.
  3268 | D:4      | Reached XP level 7. HP: 41/61 MP: 6/6
  3456 | D:4      | Reached skill level 1 in Dodging
  3645 | D:4      | Reached skill level 7 in Long Blades
  3834 | D:5      | Entered Level 5 of the Dungeon
  3958 | D:5      | Reached XP level 8. HP: 35/71 MP: 7/7
  3981 | D:5      | Found an iron altar of Okawaru.
  4000 | D:5      | Became a worshipper of Warmaster Okawaru
  4053 | D:5      | Noticed Blork the orc
  4058 | D:5      | Killed Blork the orc
  4112 | D:5      | Reached skill level 8 in Long Blades
  4186 | D:5      | Found a glowing drain.
  4193 | D:5      | Reached skill level 1 in Evocations
  4201 | Sewer    | Entered a sewer
  4809 | Sewer    | Found a white marble altar of Elyvilon.
  5643 | D:6      | Reached skill level 5 in Shields
  5670 | D:6      | Reached * piety under Okawaru
  5671 | D:6      | Reached skill level 9 in Long Blades
  5671 | D:6      | Reached skill level 1 in Stealth
  5842 | D:6      | Found a sand-covered staircase.
  5847 | Ossuary  | Entered an ossuary
  6103 | Ossuary  | Reached XP level 9. HP: 76/79 MP: 8/8
  6569 | D:6      | Found a basalt altar of Yredelemnul.
  6796 | D:7      | Reached skill level 10 in Long Blades
  6913 | D:7      | Found a flagged portal.
  6933 | Bailey   | Entered a bailey
  7470 | Bailey   | Reached ** piety under Okawaru
  7471 | Bailey   | Reached skill level 11 in Long Blades
  7492 | Bailey   | HP: 2/81 [orc warrior/+0 broad axe (11)]
  7499 | Bailey   | HP: 1/81 [kobold brigand/+0 war axe (5)]
  7844 | Bailey   | Found an iron altar of Okawaru.
  8089 | D:7      | Found a runed translucent door.
  8090 | D:7      | Noticed Crazy Yiuf
  8094 | D:7      | Killed Crazy Yiuf
  8363 | D:7      | Noticed a two-headed ogre
  8376 | D:7      | Killed a two-headed ogre
  8376 | D:7      | Reached *** piety under Okawaru
  8377 | D:7      | Reached XP level 10. HP: 84/88 MP: 6/9
  8478 | D:7      | Found an ornate altar of the Wu Jian Council.
  8675 | D:8      | Noticed Psyche
  8685 | D:8      | Killed Psyche
  8686 | D:8      | Reached skill level 1 in Invocations
  8930 | D:8      | Reached skill level 12 in Long Blades
  9164 | D:8      | Identified the +4 flail of Cotsun {flame, rN+}
  9903 | D:8      | Reached **** piety under Okawaru
  9904 | D:8      | Reached skill level 10 in Armour
 10141 | D:9      | Noticed Erolcha
 10174 | D:9      | HP: 2/90 [something/puff of flame (10)]
 10468 | D:9      | Cast into level 1 of the Abyss (Erolcha)
 10489 | D:9      | Escaped the Abyss
 10500 | D:9      | Killed Erolcha
 10657 | D:9      | Received a gift from Okawaru
 10659 | D:9      | Found a staircase to the Orcish Mines.
 10944 | D:9      | Noticed a two-headed ogre
 10971 | D:9      | Reached skill level 13 in Long Blades
 11434 | D:9      | Reached XP level 11. HP: 96/97 MP: 11/11
 11455 | D:9      | Found a staircase to the Lair.
 12270 | D:10     | Entered Level 10 of the Dungeon
 12271 | D:10     | Noticed Erica
 12289 | D:9      | Killed Erica
 12538 | D:10     | Found Teupinia's Weapon Emporium.
 12573 | D:10     | Noticed Urug
 12582 | D:10     | Killed Urug
 12785 | D:10     | Found a snail-covered altar of Cheibriados.
 12831 | D:10     | Noticed a two-headed ogre
 12839 | D:10     | Killed a two-headed ogre
 12839 | D:10     | Reached ***** piety under Okawaru
 12840 | D:10     | Reached skill level 14 in Long Blades
 13131 | D:10     | Noticed Nergalle
 13148 | D:10     | Killed Nergalle
 13385 | D:10     | Noticed Grum
 13395 | D:10     | Killed Grum
 13396 | D:10     | Reached skill level 10 in Fighting
 13581 | D:10     | Found a radiant altar of Vehumet.
 13740 | D:10     | Noticed a deep elf pyromancer
 13755 | D:10     | Killed a deep elf pyromancer
 14036 | D:10     | Noticed a deep elf zephyrmancer
 14050 | D:10     | Killed a deep elf zephyrmancer
 14636 | D:11     | Noticed an eight-headed hydra
 14646 | D:11     | Killed a five-headed hydra
 14707 | D:11     | Received a gift from Okawaru
 14728 | D:11     | Found a frozen archway.
 14777 | IceCv    | Entered an ice cave
 14789 | IceCv    | Reached XP level 12. HP: 62/107 MP: 12/12
 15174 | IceCv    | Noticed a death yak
 15174 | IceCv    | Noticed a death yak
 15174 | IceCv    | Noticed a death yak
 15184 | IceCv    | Killed a death yak
 15189 | IceCv    | Killed a death yak
 15196 | IceCv    | Killed a death yak
 15658 | IceCv    | Received a gift from Okawaru
 15672 | IceCv    | Noticed a death yak
 15677 | IceCv    | Reached skill level 15 in Long Blades
 15684 | IceCv    | Killed a death yak
 15925 | IceCv    | Noticed an ironbound frostheart
 15925 | IceCv    | Noticed an ironbound frostheart
 15926 | IceCv    | Noticed a death yak
 15927 | IceCv    | Noticed a death yak
 16333 | IceCv    | Killed a death yak
 16638 | IceCv    | Killed an ironbound frostheart
 16647 | IceCv    | Killed a death yak
 16783 | IceCv    | Killed an ironbound frostheart
 16783 | IceCv    | Identified the +4 fustibalus "Anocs" {venom, rElec Will+}
                  | (Okawaru gifted it to you in an ice cave)
 16783 | IceCv    | Received a gift from Okawaru
 16834 | IceCv    | Got the Guide on the Glacier
 16901 | D:11     | Reached skill level 5 in Dodging
 16994 | D:11     | Reached XP level 13. HP: 96/119 MP: 13/13
 17120 | D:11     | Noticed Fannar
 17165 | D:11     | Killed Fannar
 17800 | Lair:1   | Entered Level 1 of the Lair of Beasts
 17989 | Lair:1   | Noticed Gastronok
 18009 | Lair:1   | Killed Gastronok
 18009 | Lair:1   | Reached ****** piety under Okawaru
 18091 | Lair:1   | Found a dark tunnel.
 18098 | Volcano  | Entered a volcano
 18420 | Volcano  | Noticed a red draconian
 18456 | Volcano  | Killed a red draconian
 18457 | Volcano  | Reached skill level 16 in Long Blades
 18675 | Volcano  | Noticed an orb of fire
 18703 | Volcano  | Noticed an orb of fire
 18901 | Volcano  | Identified the +7 great sword of Ynadoups {vorpal, rF+ rC+
                  | Int-2} (Okawaru gifted it to you in a volcano)
 18901 | Volcano  | Received a gift from Okawaru
 20249 | Lair:2   | Reached skill level 10 in Shields
 20259 | Lair:2   | Found a staircase to the Swamp.
 20750 | Lair:2   | Identified the +1 ring mail of Noad {+Blink rPois} (Okawaru
                  | gifted it to you on level 2 of the Lair of Beasts)
 20750 | Lair:2   | Received a gift from Okawaru
 21718 | Lair:3   | Found a hole to the Spider Nest.
 22094 | Lair:3   | Reached skill level 15 in Armour
 22094 | Lair:3   | Reached XP level 14. HP: 124/133 MP: 15/15
 22169 | Lair:3   | Reached skill level 17 in Long Blades
 23904 | D:12     | Reached skill level 15 in Fighting
 24232 | Orc:1    | Entered Level 1 of the Orcish Mines
 25166 | Orc:1    | Noticed a fire giant
 25199 | Orc:1    | Killed a fire giant
 25199 | Orc:1    | Identified the +2 tower shield of the Undertaker {-Cast
                  | Dex+3 SInv} (Okawaru gifted it to you on level 1 of the
                  | Orcish Mines)
 25199 | Orc:1    | Received a gift from Okawaru
 25492 | Orc:1    | Identified the +7 short sword of Arbitration {drain, rN+
                  | Int+3}
 25497 | Orc:1    | Identified the +5 war axe of the Final Geomancers
                  | {antimagic, rC+ Dex+3}
 26059 | Orc:2    | Entered Level 2 of the Orcish Mines
 26059 | Orc:2    | Found Fuvatt's Assorted Antiques.
 26060 | Orc:2    | Found Utimo's General Store.
 27129 | Orc:2    | Found a staircase to the Elven Halls.
 27138 | Orc:2    | Found Waper's Armour Shop.
 27142 | Orc:2    | Bought a scroll of identify for 24 gold pieces
 27142 | Orc:2    | Bought a scroll of identify for 24 gold pieces
 27148 | Orc:2    | Found Jabaacligh's Magic Scroll Emporium.
 27170 | Orc:2    | Bought a pair of buzzing boots for 294 gold pieces
 27170 | Orc:2    | Identified the -3 pair of boots of Jizad {rF- Str+4 Dex+4}
                  | (You bought it in a shop on level 2 of the Orcish Mines)
 27170 | Orc:2    | Bought a scroll labelled FAVUTUIDWU for 31 gold pieces
 27196 | Orc:2    | Bought a scroll of identify for 34 gold pieces
 27240 | Orc:2    | Found Xuaf's Weapon Shoppe.
 27344 | Orc:2    | Noticed Josephine
 27350 | Orc:2    | Killed Josephine
 27353 | Orc:2    | Reached XP level 15. HP: 144/144 MP: 16/16
 28802 | D:13     | Reached skill level 18 in Long Blades
 29344 | D:13     | Noticed Jorgrun
 29357 | D:13     | Killed Jorgrun
 29509 | D:13     | Noticed Maurice
 29536 | D:13     | Killed Maurice
 30109 | Lair:4   | Identified the +4 dagger "Sehiaps" {flame, Int-5 Dex+4
                  | SInv}
 30199 | Lair:4   | Received a gift from Okawaru
 31486 | Lair:5   | Identified the +2 pair of boots of Okawaru's Esteem {Dex+2}
                  | (Okawaru gifted it to you on level 5 of the Lair of Beasts)
 31486 | Lair:5   | Received a gift from Okawaru
 32164 | Lair:6   | Entered Level 6 of the Lair of Beasts
 32165 | Lair:6   | Found a staircase to the Slime Pits.
 32329 | Lair:6   | Reached skill level 15 in Shields
 32340 | Lair:6   | Reached XP level 16. HP: 140/155 MP: 17/17
 34095 | Lair:6   | Identified the +10 triple sword of Roineoso {pain, rN+
                  | Will++ Dex+4} (Okawaru gifted it to you on level 6 of the
                  | Lair of Beasts)
 34095 | Lair:6   | Received a gift from Okawaru
 34706 | D:14     | Noticed Louise
 34708 | D:14     | Cast into level 3 of the Abyss (Louise)
 34800 | Abyss:3  | Found a viscous altar of Jiyva.
 34968 | Abyss:3  | Noticed a tentacled starspawn
 34970 | Abyss:3  | Noticed a tentacled starspawn
 34985 | Abyss:3  | Killed a tentacled starspawn
 34997 | Abyss:3  | Killed a tentacled starspawn
 35008 | Abyss:3  | HP: 4/150 [raiju/living lightning (16)]
 35011 | Abyss:3  | Mangled by a raiju

Illustrated notes

Levels and vault maps discovered:
D:1:      psy_arrival_conway, layout_basic, minmay_misc_feat_tiny
D:2:      layout_loops_cross, shapermc_ecumenical_altar_starsandcircs,
          minmay_shallow_snake_nest
D:3:      layout_basic, mainiacjoe_overflow_alcove_2, uniq_sigmund
D:4:      layout_cave_pools, good_gods_temple_1, minmay_temple_entry_junction,
          minmay_misc_feat_square
D:5:      layout_basic, okawaru_trees_2, portal_sewer_entry_d,
          hangedman_abyss_or_decor_slice, st_stairs_2, uniq_blork_the_orc
D:6:      layout_gridville, nicolae_yredelemnul_corpse_copse, enter_ossuary_2
D:7:      layout_cave_pods, mainiacjoe_overflow_concentric_impassable,
          enter_bailey_5, uniq_crazy_yiuf_cottage
D:8:      layout_loops_ring, uniq_psyche
D:9:      layout_cave_pods, lair_entry_dummy, hiddenorc2_lemuel, chequers_jeans,
          minmay_joined_circles, uniq_erolcha
D:10:     layout_cave_pools, chei_slow_surprise, nicolae_overflow_crystal_walls,
          serial_shops, shop, hangedman_minor_magic, uniq_nergalle, uniq_erica,
          uniq_grum, uniq_urug
D:11:     layout_roguey, serial_ice, serial_ice_a, serial_ice_l, serial_ice_o,
          serial_ice_m, portal_ice_cave_entry_imps, st_stairs_13, uniq_fannar
D:12:     layout_loops_ring
D:13:     layout_basic, minmay_shattered_shrine, uniq_jorgrun, uniq_maurice
D:14:     layout_irregular_city, skrybe_vaults_entry_preservation,
          grunt_decor_resistance, zin_academy, uniq_louise, uniq_snorg
Temple:   nicolae_temple_figure_eight
Lair:1:   layout_roguey, enter_volcano_1, infiniplex_staircase_pool,
          uniq_gastronok
Lair:2:   nzn_winding_woodlands_three_and_one [nzn_winding_woodlands_5x15_eye,
          nzn_winding_woodlands_5x15_sawtooth,
          nzn_winding_woodlands_5x15_pockets,
          nzn_winding_woodlands_center_garden], layout_gridlike,
          nicolae_swamp_entry_splash_gauntlet
Lair:3:   layout_cave_pods, nicolae_spider_entry_tight_spaces
Lair:4:   layout_loops_ring
Lair:5:   layout_misc_corridors, grunt_megastairs_3
Lair:6:   minmay_lair_end_enchanted_forest, layout_cellular_growth,
          nicolae_slime_entry_slimehenge, infiniplex_staircase_pool_2,
          grunt_megastairs_4
Orc:1:    giant_chief_lemuel, layout_caves, basic_altar
Orc:2:    st_orc_open, layout_diamond_mine, serial_shops,
          nicolae_shop_bloodbath_and_beyond, uniq_josephine
Abyss:3:  base: D:5, hangedman_abyss_lost_library, minivault_24,
          evilmike_abyss_rune_tso_outpost, hangedman_abyss_exit_choices

Skill      XL: |  1  2  3  4  5  6  7  8  9 10 11 12 13 14 15 16 |
---------------+-------------------------------------------------+-----
Fighting       | 4 5 6 7 8 9 10 12 14 16 17 | 17.5
Armour         | 4 5 6 7 8 10 12 13 15 16 17 | 17.2
Long Blades    | 3 4 5 6 7 9 11 13 14 15 16 17 18 | 18.9
Shields        | 4 5 6 7 9 10 12 15 | 15.8
Dodging        | 1 2 3 4 5 |  5.8
Evocations     | 1 2 3 |  3.0
Stealth        | 1 2 |  2.4
Invocations    | 1 2 3 |  3.7

Action                   |  1- 3 |  4- 6 |  7- 9 | 10-12 | 13-15 | 16-18 || total
-------------------------+-------+-------+-------+-------+-------+-------++-------
Melee: Long sword        |    77 |    81 |   378 |   112 |       |       ||   648
       Headbutt          |    15 |    10 |    87 |   155 |   284 |    60 ||   611
       Scimitar          |       |       |       |   499 |    32 |       ||   531
       Demon blade       |       |       |       |    40 |  1114 |   243 ||  1397
Invok: Heroism           |       |       |     8 |    18 |    24 |       ||    50
Evoke: Wand              |       |     3 |    14 |    11 |    14 |       ||    42
  Use: Scroll            |       |       |    16 |     8 |     8 |     3 ||    35
       Potion            |       |       |     7 |     2 |     2 |     1 ||    12
 Stab: Paralysed         |       |       |       |       |       |     1 ||     1
Armor: Scale mail        |     6 |       |       |       |       |       ||     6
       Chain mail        |    54 |    47 |   198 |    79 |       |       ||   378
       Plate armour      |       |       |     1 |   289 |   433 |   155 ||   878
Dodge: Dodged            |    33 |    22 |   179 |   234 |   298 |    92 ||   858
Block: Buckler           |    14 |    12 |    92 |   194 |    94 |       ||   406
       Tower shield      |       |       |       |       |   667 |   355 ||  1022
       Kite shield       |       |       |       |       |    30 |       ||    30
